Map: Ephemeron LE

Players

pHARM

  • Race: Zerg Zerg
  • League: Platinum
  • Spawn Location: 11:00

Guava - Winner!

  • Race: Protoss Protoss
  • League: Platinum
  • Spawn Location: 5:00

VOD

Have the link to the VOD?

Description

Time

  • Played on: Sept. 14, 2019, 3:16 p.m.
  • Length: 10:08
Show
View Real Time Build Order
Export as new Build Order

pHARM Zerg 

Build Orders: Hatch First 

Get SALT Encoding   

  12  0:01  Drone  
  13  0:13  Overlord  
  13  0:21  Drone  
  14  0:32  Drone x2  
  16  0:48  Drone  
  17  0:54  Hatchery  
  16  1:00  Drone  
  16  1:01  Drone  
  18  1:16  Spawning Pool  
  17  1:20  Drone  
  17  1:23  Drone  
  19  1:30  Drone  
  20  1:47  Extractor  
  20  1:48  Drone  
  20  1:56  Overlord  
  20  2:12  Queen x2  
  20  2:14  Zergling x4  
  26  2:31  Spine Crawler  
  26  2:34  Spine Crawler  
  22  3:02  Drone x6  
  28  3:07  Extractor  
  25  3:14  Queen x2  
  25  3:19  Roach Warren  
  28  3:26  Drone x3  
  31  3:38  Spine Crawler  
  30  4:06  Roach x3  
  36  4:10  Overlord x3  
  34  4:29  Ravager  
  35  4:32  Ravager  
  35  4:33  Ravager  
  35  4:34  Roach x2  
  41  4:40  Lair  
  41  4:43  Drone x3  
  44  4:49  Drone x2  
  46  4:59  Ravager  
  47  5:45  Hatchery  
  46  5:51  Drone  
  46  5:52  Drone x6  
  53  6:22  Ravager  
  54  6:37  Hydralisk Den  
  53  6:40  Spore Crawler  
  53  6:46  Spore Crawler  
  51  6:48  Hatchery  
  41  7:06  Drone x7  
  45  7:24  Hydralisk x3  
  45  7:26  Queen x2  
  55  7:48  Muscular Augments  
  55  7:57  Evolution Chamber  
  54  7:58  Evolution Chamber  
  53  8:10  Drone x4, Extractor x2  
  55  8:15  Drone x2  
  55  8:16  Drone x2  
  55  8:17  Drone x2  
  61  8:28  Overlord x3  
  61  8:56  Hydralisk x5  
  61  8:57  Infestation Pit  
  68  9:04  Hydralisk x2  
  56  9:34  Overlord x3  
  56  9:38  Hydralisk x4  
Show
View Real Time Build Order
Export as new Build Order

Guava Protoss - Winner!

Build Orders:  

Get SALT Encoding   

  12  0:04  Probe  
  13  0:18  Pylon  
  13  0:20  Probe (Chrono Boost)  
  14  0:30  Probe (Chrono Boost)  
  14  0:35  Probe (Chrono Boost)  
  16  0:48  Probe  
  17  0:56  Gateway  
  17  1:01  Assimilator  
  17  1:06  Forge  
  17  1:10  Probe (Chrono Boost)  
  18  1:18  Pylon  
  18  1:20  Probe (Chrono Boost)  
  18  1:25  Probe (Chrono Boost)  
  20  1:37  Probe  
  21  1:45  Photon Cannon  
  21  2:00  Pylon  
  21  2:02  Pylon  
  21  2:03  Pylon  
  21  2:04  Pylon  
  21  2:05  Pylon  
  21  2:19  Photon Cannon  
  21  2:27  Photon Cannon  
  21  2:37  Photon Cannon  
  21  2:43  Pylon  
  21  2:55  Photon Cannon  
  21  3:15  Cybernetics Core  
  21  3:17  Zealot  
  23  3:25  Assimilator  
  23  3:38  Probe (Chrono Boost)  
  24  3:48  Probe (Chrono Boost)  
  25  3:50  Nexus  
  25  4:00  Warp Gate  
  25  4:11  Pylon  
  25  4:16  Robotics Facility  
  24  4:18  Probe (Chrono Boost)  
  27  4:24  Sentry  
  27  4:27  Probe (Chrono Boost)  
  27  4:29  Assimilator  
  28  4:32  Probe (Chrono Boost)  
  28  4:38  Gateway  
  29  4:45  Stargate  
  29  4:51  Pylon  
  29  5:02  Pylon, Probe (Chrono Boost)  
  29  5:04  Observer  
  31  5:11  Probe (Chrono Boost)  
  31  5:12  Probe (Chrono Boost)  
  33  5:16  Probe (Chrono Boost)  
  33  5:17  Protoss Ground Weapons Level 1  
  34  5:24  Photon Cannon  
  34  5:32  Probe  
  35  5:36  Oracle  
  38  5:46  Probe  
  38  5:47  Immortal (Chrono Boost)  
  43  5:57  Stalker  
  43  5:58  Probe  
  43  5:59  Sentry  
  48  6:07  Shield Battery  
  48  6:11  Photon Cannon  
  48  6:17  Pylon  
  48  6:19  Probe (Chrono Boost)  
  50  6:29  Probe x2 (Chrono Boost)  
  50  6:32  Void Ray  
  55  6:34  Probe (Chrono Boost)  
  55  6:37  Stalker  
  60  7:01  Immortal  
  60  7:23  Void Ray  
  60  7:26  Stalker  
  60  7:27  Stalker  
  68  7:30  Probe (Chrono Boost)  
  68  7:36  Assimilator  
  69  7:38  Pylon  
  69  7:40  Probe (Chrono Boost)  
  69  7:41  Pylon  
  69  7:42  Warp Prism (Chrono Boost), Gateway  
  69  7:43  Gateway  
  70  7:45  Probe (Chrono Boost)  
  70  7:50  Stalker  
  75  7:56  Probe  
  76  8:00  Stalker  
  78  8:09  Photon Cannon  
  78  8:12  Probe  
  79  8:22  Void Ray  
  79  8:24  Probe  
  84  8:30  Immortal  
  88  8:37  Stalker x2  
  88  8:38  Sentry  
  81  9:34  Stalker x4  
  83  9:57  Pylon  
  83  10:00  Pylon  
Tags
 
Matchup
PvZ
Replay Pack
10.7.19
Spawn Locations
Cross Positions
Add a new tag
Caveats
  • Supply blocks, unpowered buildings, or Contaminate may cause inaccurate times.
  • Supply counts are checked every 10 seconds.